Map: Ulrena

Players

TPol - Winner!

  • Race: Protoss Protoss
  • League: Gold

pupu

  • Race: Protoss Protoss
  • League: Gold

VOD

Have the link to the VOD?

Description

Time

  • Played on: April 19, 2016, 10:31 a.m.
  • Length: 16:18
Show
View Real Time Build Order
Export as new Build Order

TPol Protoss - Winner!

Build Orders:  

Get SALT Encoding   

  12  0:03  Probe (Chrono Boost)  
  13  0:13  Probe (Chrono Boost)  
  14  0:24  Probe (Chrono Boost)  
  15  0:29  Pylon  
  15  0:36  Pylon  
  15  0:47  Probe (Chrono Boost)  
  15  0:49  Forge  
  16  0:57  Probe (Chrono Boost)  
  17  1:08  Probe (Chrono Boost)  
  18  1:11  Gateway  
  18  1:19  Probe (Chrono Boost)  
  18  1:21  Assimilator  
  19  1:29  Probe (Chrono Boost)  
  20  1:52  Nexus  
  20  2:00  Pylon  
  19  2:14  Photon Cannon  
  19  2:18  Photon Cannon  
  19  2:21  Probe (Chrono Boost)  
  20  2:34  Cybernetics Core  
  21  2:37  Probe (Chrono Boost)  
  21  2:48  Gateway  
  21  2:52  Probe (Chrono Boost)  
  21  3:04  Gateway  
  21  3:08  Probe (Chrono Boost)  
  22  3:18  Probe (Chrono Boost)  
  22  3:19  Mothership Core (Chrono Boost)  
  25  3:25  Pylon  
  25  3:29  Probe (Chrono Boost)  
  25  3:31  Assimilator  
  26  3:43  Warp Gate, Gateway  
  26  3:46  Probe (Chrono Boost)  
  27  3:53  Probe (Chrono Boost)  
  28  4:03  Stalker  
  28  4:04  Probe (Chrono Boost)  
  28  4:07  Stalker  
  33  4:13  Stalker  
  33  4:14  Probe (Chrono Boost)  
  33  4:15  Probe (Chrono Boost)  
  37  4:28  Probe (Chrono Boost)  
  38  4:32  Assimilator  
  38  4:36  Assimilator  
  38  4:38  Probe (Chrono Boost)  
  38  4:40  Pylon  
  39  4:49  Probe (Chrono Boost), Robotics Facility  
  39  4:52  Probe (Chrono Boost)  
  41  4:56  Stalker  
  44  5:00  Probe (Chrono Boost), Stalker  
  46  5:10  Probe (Chrono Boost)  
  47  5:16  Photon Cannon  
  47  5:21  Probe (Chrono Boost)  
  48  5:23  Photon Cannon  
  48  5:29  Stalker  
  48  5:31  Probe (Chrono Boost)  
  51  5:39  Immortal (Chrono Boost)  
  51  5:40  Probe (Chrono Boost)  
  56  5:50  Probe, Pylon  
  56  5:51  Twilight Council  
  56  5:55  Protoss Ground Weapons Level 1 (Chrono Boost)  
  57  6:02  Stalker  
  59  6:04  Stalker  
  61  6:12  Probe  
  61  6:15  Probe  
  61  6:16  Observer  
  64  6:24  Probe  
  65  6:26  Probe  
  65  6:31  Nexus  
  66  6:34  Pylon  
  66  6:40  Stalker x2  
  66  6:43  Stalker  
  72  6:48  Blink (Chrono Boost)  
  72  6:55  Pylon  
  72  7:00  Dark Shrine  
  71  7:06  Gateway  
  71  7:09  Gateway  
  71  7:10  Observer  
  72  7:19  Stargate  
  72  7:28  Probe  
  73  7:36  Protoss Ground Armor Level 1 (Chrono Boost)  
  73  7:40  Probe  
  73  7:43  Stalker  
  73  7:44  Stalker, Assimilator  
  78  7:48  Assimilator  
  78  7:51  Pylon  
  78  7:52  Probe  
  79  7:58  Photon Cannon  
  79  8:04  Probe  
  80  8:14  Dark Templar  
  80  8:16  Probe, Dark Templar  
  85  8:20  Dark Templar  
  85  8:26  Probe  
  87  8:33  Dark Templar  
  89  8:36  Probe, Dark Templar  
  89  8:39  Charge (Chrono Boost)  
  92  8:47  Probe  
  93  8:56  Nexus  
  93  8:57  Probe  
  93  9:00  Pylon  
  94  9:05  Pylon  
  94  9:06  Void Ray (Chrono Boost)  
  94  9:08  Probe  
  94  9:09  Assimilator  
  99  9:12  Assimilator  
  99  9:14  Immortal (Chrono Boost)  
  103  9:21  Photon Cannon  
  103  9:29  Protoss Shields Level 1  
  103  9:30  Gateway  
  103  9:31  Gateway  
  103  9:32  Probe  
  103  9:35  Probe  
  105  9:40  Dark Templar  
  105  9:43  Probe  
  105  9:44  Dark Templar  
  110  9:45  Probe  
  110  9:48  Dark Templar  
  110  9:52  Dark Templar  
  115  9:59  Dark Templar  
  117  10:01  Dark Templar  
  117  10:04  Archon x4  
  117  10:05  Archon  
  119  10:14  Dark Templar  
  119  10:18  Dark Templar  
  123  10:22  Dark Templar  
  123  10:26  Dark Templar  
  131  10:36  Immortal (Chrono Boost)  
  131  10:44  Archon x2  
  131  10:47  Dark Templar  
  131  10:48  Dark Templar x2  
  137  10:51  Dark Templar  
  137  10:52  Zealot  
  137  10:53  Zealot  
  143  11:09  Probe  
  143  11:10  Immortal (Chrono Boost)  
  148  11:22  Photon Cannon  
  148  11:25  Probe  
  131  11:36  Probe  
  104  11:41  Stalker  
  104  11:43  Stalker x3  
  104  11:44  Stalker x3  
  104  11:45  Stalker  
  110  11:47  Immortal (Chrono Boost)  
  110  11:50  Void Ray  
  90  12:07  Dark Templar  
  92  12:08  Dark Templar  
  92  12:10  Dark Templar  
  92  12:13  Dark Templar  
  98  12:22  Immortal (Chrono Boost)  
  102  12:24  Stalker x2  
  102  12:25  Stalker  
  102  12:29  Stalker  
  110  12:32  Protoss Ground Armor Level 2  
  110  12:50  Void Ray  
  114  12:56  Observer (Chrono Boost)  
  107  13:00  Dark Templar x2  
  107  13:01  Dark Templar  
  107  13:04  Dark Templar  
  115  13:07  Dark Templar  
  117  13:13  Archon x2  
  117  13:14  Immortal (Chrono Boost)  
  117  13:16  Dark Templar  
  117  13:17  Dark Templar  
  117  13:19  Dark Templar  
  127  13:22  Archon  
  127  13:32  Robotics Bay  
  127  13:35  Robotics Facility  
  127  13:39  Mothership Core  
  123  14:08  Zealot  
  123  14:09  Zealot  
  111  14:10  Zealot  
  111  14:11  Zealot  
  111  14:12  Zealot x2  
  111  14:13  Zealot  
  111  14:14  Zealot  
  101  14:26  Colossus (Chrono Boost)  
  101  14:27  Colossus (Chrono Boost)  
  111  14:48  Extended Thermal Lance (Chrono Boost)  
  105  15:11  Colossus, Dark Templar  
  105  15:12  Colossus, Dark Templar x3  
  105  15:13  Dark Templar  
  115  15:16  Dark Templar  
  115  15:21  Dark Templar  
  123  15:54  Stalker x3  
  123  15:55  Stalker  
  131  15:58  Stalker  
Show
View Real Time Build Order
Export as new Build Order

pupu Protoss 

Build Orders:  

Get SALT Encoding   

  12  0:01  Probe (Chrono Boost)  
  13  0:11  Probe (Chrono Boost)  
  14  0:18  Pylon  
  14  0:22  Probe (Chrono Boost)  
  15  0:36  Probe (Chrono Boost)  
  15  0:40  Gateway  
  16  0:47  Probe (Chrono Boost)  
  17  0:52  Assimilator  
  17  0:57  Probe (Chrono Boost)  
  18  1:10  Probe (Chrono Boost)  
  19  1:21  Probe (Chrono Boost)  
  20  1:27  Zealot  
  20  1:31  Probe (Chrono Boost)  
  23  1:40  Cybernetics Core  
  23  1:57  Assimilator  
  23  2:02  Pylon  
  23  2:21  Mothership Core (Chrono Boost)  
  23  2:22  Stalker  
  27  2:37  Nexus  
  27  2:39  Probe (Chrono Boost)  
  28  2:50  Probe (Chrono Boost)  
  29  3:00  Probe (Chrono Boost)  
  29  3:01  Warp Gate (Chrono Boost)  
  30  3:09  Pylon  
  30  3:12  Probe  
  31  3:15  Pylon  
  31  3:27  Probe, Stalker  
  34  3:38  Robotics Facility  
  34  3:39  Probe  
  35  3:51  Probe  
  35  3:52  Probe  
  37  3:58  Gateway  
  37  4:01  Probe  
  37  4:03  Pylon  
  37  4:08  Sentry  
  37  4:09  Probe  
  41  4:19  Gateway  
  41  4:22  Gateway  
  41  4:23  Probe  
  42  4:26  Observer  
  42  4:28  Probe  
  44  4:36  Probe  
  44  4:37  Pylon  
  45  4:39  Probe  
  45  4:42  Assimilator  
  46  4:53  Probe  
  46  4:54  Forge  
  46  4:55  Probe  
  46  4:57  Pylon  
  48  5:04  Probe, Immortal  
  53  5:18  Probe  
  53  5:19  Probe  
  54  5:28  Stalker x4  
  58  5:35  Probe  
  62  5:36  Probe  
  64  5:43  Observer  
  64  5:45  Assimilator  
  64  5:48  Pylon  
  65  5:50  Probe  
  65  5:51  Probe, Gateway x2  
  65  5:55  Sentry x2  
  71  5:59  Zealot  
  71  6:02  Zealot  
  75  6:04  Probe  
  75  6:05  Probe  
  75  6:09  Protoss Ground Weapons Level 1 (Chrono Boost)  
  77  6:15  Probe  
  77  6:18  Probe  
  79  6:25  Probe  
  79  6:26  Observer  
  79  6:30  Probe, Stalker x3  
  88  6:54  Pylon  
  88  7:06  Immortal  
  88  7:08  Stalker  
  94  7:13  Nexus  
  94  7:16  Pylon  
  94  7:18  Pylon  
  94  7:22  Pylon  
  94  7:28  Stalker x2  
  94  7:29  Stalker, Pylon  
  100  7:31  Pylon  
  100  7:40  Pylon  
  100  7:46  Zealot  
  100  7:47  Zealot x2  
  110  7:51  Immortal  
  110  8:00  Probe x2, Twilight Council  
  110  8:04  Pylon  
  112  8:07  Pylon  
  112  8:08  Sentry x3  
  112  8:09  Sentry  
  112  8:10  Pylon  
  112  8:12  Probe  
  121  8:34  Protoss Ground Armor Level 1 (Chrono Boost)  
  121  8:35  Stalker x3  
  121  8:36  Stalker x3  
  133  8:45  Charge (Chrono Boost)  
  133  8:51  Immortal  
  133  8:52  Probe  
  133  8:54  Probe x2  
  140  9:03  Probe  
  140  9:04  Assimilator  
  140  9:06  Probe  
  140  9:08  Gateway  
  142  9:19  Probe  
  142  9:20  Probe  
  144  9:30  Stalker x2  
  144  9:31  Stalker x4  
  156  9:56  Dark Shrine  
  156  9:58  Gateway  
  156  9:59  Gateway  
  156  10:01  Pylon  
  156  10:02  Probe  
  156  10:03  Probe  
  156  10:04  Pylon  
  158  10:08  Assimilator  
  158  10:10  Stalker x4  
  158  10:11  Protoss Shields Level 1  
  158  10:12  Stalker  
  168  10:31  Immortal  
  172  10:40  Stargate  
  172  10:41  Stargate  
  172  10:46  Photon Cannon  
  172  10:50  Photon Cannon  
  172  10:52  Photon Cannon  
  172  10:56  Photon Cannon  
  172  10:58  Photon Cannon  
  172  10:59  Gateway  
  172  11:01  Gateway  
  172  11:11  Observer  
  173  11:19  Zealot x3  
  173  11:20  Zealot x4  
  139  11:53  Dark Templar x2  
  139  11:54  Dark Templar x5  
  137  11:57  Archon  
  137  11:58  Archon x2  
  141  12:04  Probe  
  141  12:06  Probe x2  
  144  12:27  Pylon  
  144  12:32  Pylon  
  144  12:34  Dark Templar  
  144  12:35  Dark Templar x6, Pylon  
  157  12:57  Archon  
  157  12:58  Archon x2  
  157  13:17  Observer  
  158  13:28  Dark Templar x2  
  158  13:29  Dark Templar x4  
  170  13:34  Archon x2  
  170  13:35  Archon  
  99  14:25  Dark Templar x6  
  111  14:31  Archon x2  
  111  14:32  Archon  
  111  14:36  Zealot x3  
  79  15:01  Zealot x3  
  79  15:02  Zealot x4  
  79  15:03  Zealot  
  75  15:14  Void Ray x2 (Chrono Boost)  
  67  15:23  Dark Templar  
  67  15:27  Zealot x5  
  67  15:52  Dark Templar x2  
Tags
 
League
GoldGold
Matchup
PvP
Add a new tag
Caveats
  • Supply blocks, unpowered buildings, or Contaminate may cause inaccurate times.
  • Supply counts are checked every 10 seconds.